 Dungeon Crawl Stone Soup version 0.30-a0-137-gd8773701ce (webtiles) character file.

Game seed: 18063359315926473166

14661 jlumianski the Cleaver (level 12, 0/73 HPs)
             Began as a Gargoyle Gladiator on Sept 21, 2022.
             Was an Elder of Qazlal.
             Slain by Frances
             ... wielding a +0 scimitar
              (16 damage)
             ... on level 11 of the Dungeon on Sept 22, 2022.
             The game lasted 00:45:56 (12937 turns).

jlumianski the Cleaver (Gargoyle Gladiator)        Turns: 12937, Time: 00:45:57

Health: 0/73       AC: 27    Str: 22    XL:     12   Next: 18%
Magic:  17/17      EV: 14    Int:  8    God:    Qazlal [****..]
Gold:   608        SH: 10    Dex: 19    Spells: 11/11 levels left

rFire   . . .      SeeInvis .    E - +3 battleaxe of Linearity {speed, rN++ Dex+8 Stlth-}
rCold   . . .      Faith    .    (shield currently unavailable)
rNeg    + + +      Spirit   .    r - +0 chain mail rPois โˆž Reflect +
                                 c - +1 helmet
rElec   +          Harm     .    (no cloak)
rCorr   .          Rampage  .    (no gloves)
Will    .....                    K - +0 pair of boots
Stlth   ..........               C - amulet of reflection
HPRegen 0.22/turn                f - +4 ring of protection
MPRegen 0.15/turn                F - +4 ring of evasion

@: studying Throwing, repel missiles
A: sickness immunity, AC +8, negative energy resistance 1, electricity
resistance, torment resistance 1, petrification resistance, weak 1
a: Renounce Religion, Upheaval, Elemental Force


You were on level 11 of the Dungeon.
You worshipped Qazlal.
Qazlal was greatly pleased with you.
You visited 2 branches of the dungeon, and saw 13 of its levels.

You collected 1551 gold pieces.
You spent 943 gold pieces at shops.

Inventory:

Hand Weapons
 B - a +1 spear of venom
 E - the +3 battleaxe of Linearity (weapon) {speed, rN++ Dex+8 Stlth-}
   (You bought it in a shop on level 2 of the Dungeon)

   Attacks with this weapon are significantly faster.
   Dex:       It affects your dexterity (+8).
   rN:        It greatly protects you from negative energy.
   Stlth:     It makes you less stealthy.
 H - a +2 whip of flaming
 T - a +4 battleaxe
Missiles
 b - 6 boomerangs of dispersal
 d - 2 throwing nets
 e - a javelin
 m - 18 poisoned darts
 D - 5 curare-tipped darts
 G - 6 boomerangs (quivered)
Armour
 c - a +1 helmet (worn)
 r - a +0 chain mail (worn)
 K - a +0 pair of boots (worn)
Jewellery
 f - a +4 ring of protection (left hand)
 l - a +4 ring of evasion
 C - an amulet of reflection (around neck)
 F - a +4 ring of evasion (right hand)
Wands
 a - a wand of roots (5)
 g - a wand of mindburst (6)
 n - a wand of paralysis (10)
 v - a wand of flame (4)
 y - a wand of quicksilver (11)
 U - a wand of digging (7)
Scrolls
 q - 3 scrolls of fear
 t - 3 scrolls of summoning
 z - 5 scrolls of teleportation
 J - a scroll of fog
 M - 2 scrolls of blinking
Potions
 h - a potion of haste
 i - 3 potions of might
 j - 2 potions of flight
 k - 2 potions of berserk rage
 s - 5 potions of curing
 w - a potion of heal wounds
 A - a potion of attraction
 N - 6 potions of ambrosia
 V - 2 potions of invisibility {unknown}
Miscellaneous
 R - a phantom mirror


   Skills:
 + Level 7.8 Fighting
 + Level 11.6 Axes
 * Level 4.3 Throwing
 + Level 8.0 Armour
 + Level 4.0 Dodging
 + Level 2.5 Stealth
 + Level 4.5 Shields
 * Level 6.7 Invocations
 * Level 5.4 Evocations


You had 11 spell levels left.
You didn't know any spells.
Your spell library contained the following spells:

 Spells                   Type           Power      Damage    Failure   Level
 Shock                    Conj/Air       0%         1d3       96%         1
 Ensorcelled Hibernation  Hex/Ice        0%         N/A       99%         2
 Passwall                 Tmut/Erth      0%         N/A       99%         2
 Poisonous Vapours        Pois/Air       0%         N/A       99%         2
 Gell's Gravitas          Tloc           0%         N/A       100%        3
 Portal Projectile        Hex/Tloc       0%         N/A       100%        3
 Swiftness                Air            0%         N/A       100%        3
 Teleport Other           Tloc           0%         N/A       100%        3
 Tukima's Dance           Hex            0%         N/A       100%        3
 Airstrike                Air            0%         2d(0-16)  100%        4
 Olgreb's Toxic Radiance  Pois           0%         N/A       100%        4
 Passage of Golubria      Tloc           0%         N/A       100%        4
 Blade Hands              Tmut           0%         N/A       100%        5
 Yara's Violent Unravell  Hex/Tmut       0%         3d3       100%        5
 Dispersal                Tloc           0%         N/A       100%        6
 Ozocubu's Refrigeration  Ice            0%         4d7       100%        7
 Ignition                 Fire           0%         3d3       100%        8
 Cigotuvi's Dreadful Rot  Necr/Pois/Air  Unusable   N/A       N/A         2

Dungeon Overview and Level Annotations

Branches:
Dungeon (12/15)            Temple (1/1) D:5            Lair (0/5) D:9
    Orc (0/2) D:9

Altars:
Ashenzari
Gozag
Hepliaklqana
Nemelex Xobeh
Okawaru
Qazlal
Ru
Sif Muna
Trog
Uskayaw
Wu Jian
Xom
Yredelemnul
Zin
The Shining One

Shops:
D:2 (   D:4 *   D:8 [

Annotations:
D:11 Frances


Innate Abilities, Weirdness & Mutations

You are immune to sickness and miasma.
Your stone body is resilient. (AC +8)
You are immune to poison.
You resist negative energy. (rN+)
You are resistant to electric shocks. (rElec)
You are resistant to unholy torment.
You are immune to petrification.
You are weak. (Str -2)


Message History

You open the door.
Found a hand axe.
Found a stone staircase leading down.
There is an open door here.
There is a stone staircase leading down here.
You climb downwards.
Frances shouts!
Found 14 gold pieces.
There is a stone staircase leading up here.
Frances hits you with a +0 scimitar!
You climb upwards.
There is a stone staircase leading down here.
You hit Frances.
Frances is lightly wounded.
You closely miss Frances.
Frances is lightly wounded.
Frances is engulfed in blazing flames.
Frances barely misses you.
You barely miss Frances.
Frances is lightly wounded.
Frances is engulfed in blazing flames.
Frances barely misses you.
You closely miss Frances.
Frances is lightly wounded.
You closely miss Frances.
Frances is lightly wounded.
Frances takes a defensive stance.
You block Frances's attack.
You slice Frances!!
Frances is moderately wounded.
Frances closely misses you.
You slice Frances!!
Frances is heavily wounded.
Frances chants phrases taken from a devil's mouth.
The shard of ice hits you!!!
Ouch! That really hurt!
* * * LOW HITPOINT WARNING * * *
You barely miss Frances.
Frances is heavily wounded.
You barely miss Frances.
Frances is heavily wounded.
Frances hits you with a +0 scimitar!
You die...

##########
#........#
#........#
#........#
+........+
#........#
#)@......#
#.โ—‹@ยงโ—‹...#
##'####### #.#
#.# ##.# #..#
#.## ##'######
#######
#.......###
#......


You could see Frances.

Vanquished Creatures
  3 two-headed ogres
  A dancing weapon (D:9)
  The ghost of ravioli the Summoner, a journeyman OpSu of Gozag (D:9)
  The ghost of Jeffwins the Skirmisher, a novice HuWn of Kikubaaqudgha (D:7)
  Pikel (D:7)
  An orc knight (D:7)
  A cyclops (D:11)
  Joseph (D:8)
  Psyche (D:8)
  Maggie (D:7)
  A komodo dragon (D:9)
  2 kobold demonologists
  A queen bee (D:8)
  A hornet (D:9)
  6 yaks (D:10)
  2 shadows
  A steam dragon (D:8)
  4 water moccasins (D:9)
  Duvessa (D:6)
  2 ice beasts
  2 orc warriors
  A sky beast (D:6)
  3 black bears
  7 centaurs
  4 ogres
  A lemure (D:7)
  A kobold brigand (D:10)
  7 bullfrogs
  4 scorpions
  A necrophage (D:7)
  13 wights
  Dowan (D:6)
  24 killer bees
  8 howler monkeys
  5 hounds
  8 orc priests
  4 jellies
  An iguana (D:7)
  Natasha (thrice) (D:3)
  7 orc wizards
  4 gnolls (D:3)
  5 adders
  A shadow imp (D:7)
  2 worms
  3 dart slugs
  22 orcs
  2 ball pythons
  7 endoplasms
  2 giant cockroaches
  7 goblins
  4 hobgoblins
  2 jackals (D:1)
  20 kobolds
  7 quokkas
  9 bats
  A frilled lizard (D:1)
  5 rats
241 creatures vanquished.

Vanquished Creatures (collateral kills)
  An ugly thing (D:6)
  A yak (D:6)
  An acid dragon (D:6)
  2 hounds (D:6)
  A gnoll bouda (D:6)
  2 adders (D:6)
8 creatures vanquished.

Vanquished Creatures (others)
  46 fungi (D:9)
  41 plants
87 creatures vanquished.

Grand Total: 336 creatures vanquished

Notes
Turn   | Place    | Note
-------+----------+-------------------------------------------
     0 | D:1      | jlumianski the Gargoyle Gladiator began the quest for the
                  | Orb.
     0 | D:1      | Reached XP level 1. HP: 12/12 MP: 1/1
   349 | D:1      | Reached XP level 2. HP: 17/17 MP: 2/2
   631 | D:1      | Reached skill level 3 in Axes
   861 | D:1      | Reached XP level 3. HP: 22/22 MP: 3/3
  1437 | D:2      | Found Xejapus's Weapon Emporium.
  2239 | D:3      | You fall into a shaft and drop 3 floors!
  2251 | D:6      | Reached XP level 4. HP: 7/27 MP: 4/4
  2568 | D:6      | Noticed a yak
  2568 | D:6      | Noticed an ogre
  2568 | D:6      | Noticed an acid dragon
  2568 | D:6      | Noticed a shadow
  2569 | D:6      | Noticed a purple ugly thing
  2572 | D:6      | Killed a yak
  2573 | D:6      | Reached skill level 4 in Axes
  2573 | D:6      | Reached XP level 5. HP: 32/32 MP: 5/5
  2573 | D:6      | Reached XP level 6. HP: 37/37 MP: 6/6
  2584 | D:6      | Killed a purple ugly thing
  2585 | D:6      | Reached skill level 5 in Axes
  2585 | D:6      | Reached skill level 1 in Stealth
  2585 | D:6      | Reached XP level 7. HP: 31/42 MP: 7/7
  2590 | D:6      | Reached skill level 6 in Axes
  2590 | D:6      | Reached XP level 8. HP: 36/48 MP: 8/8
  2603 | D:6      | Killed a shadow
  2786 | D:6      | Identified a scroll of acquirement
  2787 | D:6      | Acquired 537 gold pieces
  2794 | D:6      | Gained mutation: You are weak. (Str -2) [potion of
                  | mutation]
  2899 | D:6      | Noticed a kobold demonologist
  2902 | D:6      | Noticed an orange demon
  2954 | D:7      | Reached skill level 5 in Armour
  3208 | D:7      | Found a shimmering altar of Xom.
  3516 | D:7      | Reached skill level 7 in Axes
  3665 | D:5      | Entered Level 5 of the Dungeon
  3768 | D:5      | Found a staircase to the Ecumenical Temple.
  3816 | Temple   | Entered the Ecumenical Temple
  3829 | Temple   | Became a worshipper of Qazlal Stormbringer
  3981 | D:4      | Reached XP level 9. HP: 47/53 MP: 9/9
  4388 | D:4      | Noticed Natasha
  4400 | D:3      | Killed Natasha
  4401 | D:3      | Reached skill level 1 in Evocations
  4421 | D:3      | Noticed Natasha
  4430 | D:3      | Killed Natasha
  4434 | D:3      | Reached * piety under Qazlal
  4438 | D:3      | Noticed Natasha
  4451 | D:3      | Killed Natasha
  5609 | D:4      | Found Rakhoiz's Elemental Accessories.
  5710 | D:2      | Bought the +3 battleaxe of Linearity {speed, rN++ Dex+8
                  | Stlth-} for 943 gold pieces
  5888 | D:4      | Reached skill level 5 in Fighting
  6149 | D:4      | Reached skill level 8 in Axes
  6347 | D:6      | Noticed Dowan
  6348 | D:6      | Noticed Duvessa
  6356 | D:6      | Killed Duvessa
  6360 | D:6      | Killed Dowan
  6407 | D:5      | Reached skill level 1 in Invocations
  6440 | D:5      | Found an iron altar of Okawaru.
  6747 | D:6      | Found a hazy altar of Hepliaklqana.
  7036 | D:7      | Reached skill level 1 in Shields
  7109 | D:8      | Reached ** piety under Qazlal
  7303 | D:7      | Noticed Maggie
  7322 | D:7      | Killed Maggie
  7323 | D:7      | Reached XP level 10. HP: 49/60 MP: 11/11
  7370 | D:8      | Noticed Pikel
  7388 | D:7      | Killed Pikel
  7389 | D:7      | Reached skill level 9 in Axes
  7897 | D:8      | Found Goigut's Antique Armour Shoppe.
  8069 | D:9      | Found a sacrificial altar of Ru.
  8069 | D:9      | Found a hide-covered altar of Uskayaw.
  8069 | D:9      | Found a bloodstained altar of Trog.
  8338 | D:9      | Noticed a two-headed ogre
  8534 | D:8      | Noticed Joseph
  8540 | D:8      | Killed Joseph
  8638 | D:8      | Noticed Psyche
  8650 | D:8      | Killed Psyche
  9100 | D:8      | Found a runed translucent door.
  9102 | D:8      | Noticed an orc knight
  9417 | D:8      | Noticed Jeffwins's ghost (novice HuWn)
  9471 | D:7      | Killed Jeffwins's ghost
  9472 | D:7      | Reached skill level 10 in Axes
  9847 | D:7      | Killed an orc knight
  9848 | D:7      | Reached XP level 11. HP: 66/66 MP: 11/14
  9928 | D:8      | Killed a two-headed ogre
 10132 | D:10     | Entered Level 10 of the Dungeon
 10139 | D:9      | Reached skill level 5 in Invocations
 10950 | D:8      | Reached *** piety under Qazlal
 11131 | D:9      | Found a staircase to the Orcish Mines.
 11170 | D:9      | Found a runed translucent door.
 11171 | D:9      | Found a shimmering altar of Xom.
 11171 | D:9      | Noticed ravioli's ghost (journeyman OpSu)
 11172 | D:9      | Noticed a +2 quarterstaff of chaos
 11356 | D:9      | Found a staircase to the Lair.
 11701 | D:9      | Killed ravioli's ghost
 11703 | D:9      | Killed a +2 quarterstaff of chaos
 11704 | D:9      | Reached skill level 11 in Axes
 11704 | D:9      | Reached skill level 5 in Evocations
 11718 | D:9      | Acquired a manual of Throwing
 12308 | D:10     | Reached **** piety under Qazlal
 12326 | D:10     | Reached XP level 12. HP: 54/73 MP: 16/16
 12435 | D:10     | Noticed a two-headed ogre
 12443 | D:10     | Killed a two-headed ogre
 12625 | D:10     | Found an ornate altar of the Wu Jian Council.
 12627 | D:10     | Found an iron altar of Okawaru.
 12627 | D:10     | Found a broken altar of Ashenzari.
 12829 | D:11     | Noticed a two-headed ogre
 12836 | D:11     | Killed a two-headed ogre
 12926 | D:12     | Noticed Frances
 12937 | D:11     | Slain by Frances

Illustrated notes

Levels and vault maps discovered:
D:1:      eino_arrival_water_cross, layout_basic
D:2:      layout_loops_cross, serial_shops, nicolae_shop_advertising_works
          [nicolae_subvault_shop_adworks], minmay_misc_feat_five
D:3:      layout_basic, minmay_misc_feat_diagonals, serial_bayou_pond_c,
          st_stairs_2
D:4:      layout_cave_pools, nicolae_elemental_shop, nicolae_titane,
          uniq_natasha
D:5:      layout_cave_pools, temple_pool_b, serial_park, serial_park_tiny_pond,
          serial_park_square1 [serial_park_minivault_5x5_3], serial_park_gazebo
          [serial_park_minivault_5x5_7], serial_park_square2
D:6:      minmay_klotski, layout_gridville, lemuel_tele_altar, uniq_duvessa
D:7:      layout_basic, old_standard_altar, serial_glass, glass_columns_b,
          glass_columns_a, due_unseen_surprise, uniq_maggie
D:8:      layout_basic, serial_shops, nicolae_diamond_shop,
          ebering_ghost_inner_flame, uniq_psyche, uniq_pikel, uniq_joseph
D:9:      layout_roguey [special_room_bee], gammafunk_temple_overflow_forgotten,
          due_lair_maze_entry_diamond, orc_0_dummy, ebering_ghost_xom,
          serial_corexii_hall, chequers_hall_statues_wall_a,
          corexii_hall_statues_x
D:10:     layout_rooms, nicolae_overflow_hidden_temple
D:11:     layout_roguey
D:12:     layout_grid_maze, hangedman_decor_lopped, uniq_nergalle, uniq_kirke,
          uniq_frances
Temple:   nicolae_temple_great_sept

Skill      XL: |  1  2  3  4  5  6  7  8  9 10 11 12 |
---------------+-------------------------------------+-----
Throwing       | 2 3 4 |  4.3
Axes           | 3 4 5 6 7 8 10 11 | 11.6
Fighting       | 3 4 5 6 7 |  7.8
Armour         | 2 4 5 6 7 8 |  8.0
Dodging        | 3 4 |  4.0
Stealth        | 1 2 |  2.5
Evocations     | 3 4 5 |  5.4
Invocations    | 2 4 6 |  6.7
Shields        | 1 2 4 |  4.5

Action                   |  1- 3 |  4- 6 |  7- 9 | 10-12 || total
-------------------------+-------+-------+-------+-------++-------
Melee: War axe           |   115 |    12 |   232 |       ||   359
       Punch             |     1 |       |     3 |       ||     4
       Battleaxe         |       |       |    88 |   376 ||   464
Throw: Throwing net      |     1 |       |     1 |       ||     2
       Javelin           |       |       |     3 |       ||     3
       Dart              |       |       |    17 |       ||    17
       Boomerang         |       |       |       |     9 ||     9
Invok: Upheaval          |       |       |       |     1 ||     1
Evoke: Wand              |       |       |       |     4 ||     4
  Use: Scroll            |     1 |     2 |    11 |     4 ||    18
       Potion            |       |       |     5 |     3 ||     8
Armor: Leather armour    |    39 |       |       |       ||    39
       Ring mail         |    27 |       |       |       ||    27
       Chain mail        |       |     6 |   186 |   167 ||   359
Dodge: Dodged            |    84 |     8 |   126 |   225 ||   443
Block: Other             |       |       |    21 |   209 ||   230
       Reflection        |       |       |     3 |    14 ||    17

Table legend: (Time is in decaauts)
 A = Elapsed time spent in this place.
 B = Non-inter-level travel time spent in this place.
 C = Inter-level travel time spent in this place.
 D = Time resting spent in this place.
 E = Time spent auto-exploring this place.
 F = Levels seen in this place.
 G = Mean time per level.
                   A        B        C        D        E       F      G
               +--------+--------+--------+--------+--------+-----+--------+
         Total |  12975 |  12293 |    682 |   2157 |   5888 |  13 |  998.1 |
       Dungeon |  12948 |  12266 |    682 |   2157 |   5887 |  12 | 1079.0 |
        Temple |     26 |     26 |      0 |      0 |      1 |   1 |   26.0 |
               +--------+--------+--------+--------+--------+-----+--------+

Top non-repeatable levels by time:
     D:8: 2267 daAuts
     D:7: 1822 daAuts
     D:9: 1522 daAuts
     D:3: 1467 daAuts
     D:1: 1320 daAuts
     D:6: 1290 daAuts
     D:2: 1112 daAuts
     D:4: 811 daAuts
    D:10: 599 daAuts
     D:5: 560 daAuts
    D:11: 173 daAuts
  Temple: 26 daAuts
    D:12: 1 daAuts
